 Dungeon Crawl Stone Soup version 0.19.0-11-g3fc08b3 (console) character file.

118 lynn the Shield-Bearer (level 5, -2/42 HPs)
             Began as a Formicid Fighter on Nov 8, 2016.
             Slain by MovingMist's ghost (5 damage)
             ... on level 3 of the Dungeon.
             The game lasted 00:00:26 (2078 turns).

lynn the Shield-Bearer (Formicid Fighter)           Turns: 2078, Time: 00:00:27

Health: -2/42      AC:  6    Str: 21    XL:     5   Next: 23%
Magic:  5/5        EV:  8    Int:  7    God:
Gold:   106        SH: 10    Dex: 11    Spells: 0 memorised, 4 levels left

rFire  . . .     SeeInvis +     a - +0 war axe
rCold  . . .     Gourm    .     b - +0 scale mail
rNeg   . . .     Faith    .     c - +0 shield
rPois  .         Spirit   .     (helmet unavailable)
rElec  .         Reflect  .     (no cloak)
rCorr  .         Harm     .     (no gloves)
MR     .....                    (no boots)
Stlth  ..........               (no amulet)
                                (no ring)
                                (no ring)

@: no status effects
A: permanent stasis, dig shafts and tunnels, four strong arms, antennae 3
a: Dig, Shaft Self


You were on level 3 of the Dungeon.
You were not hungry.

You visited 1 branch of the dungeon, and saw 3 of its levels.

You collected 106 gold pieces.

Inventory:

Hand Weapons
 a - a +0 war axe (weapon)
Armour
 b - a +0 scale mail (worn)
 c - a +0 shield (worn)
 g - a +0 cloak
Jewellery
 h - an uncursed ring of see invisible {unknown}
 k - a +6 ring of evasion {unknown}
 o - an uncursed amulet of harm {unknown}
 p - an uncursed amulet of the gourmand {unknown}
Wands
 u - a wand of acid (10/15)
Scrolls
 e - a scroll of noise {unknown}
 j - a scroll of magic mapping {unknown}
 l - a scroll of remove curse {unknown}
 n - a scroll of immolation {unknown}
 q - 2 scrolls of blinking {unknown}
Potions
 d - 2 potions of might
 i - 2 potions of flight {unknown}
 r - a potion of mutation {unknown}
 t - a potion of curing {unknown}
Comestibles
 f - 3 bread rations
 m - a beef jerky
 s - 3 chunks of flesh


   Skills:
 + Level 4.2 Fighting
 + Level 3.4 Axes
 - Level 3.2 Armour
 + Level 4.8 Shields


You had 4 spell levels left.
You didn't know any spells.

Dungeon Overview and Level Annotations

Branches:
Dungeon (3/15)

Altars:
Dithmenos

Annotations:
D:3 MovingMist's ghost, amateur HEFi


Innate Abilities, Weirdness & Mutations

You are under a permanent stasis effect.
You can dig through walls and to a lower floor.
Your four strong arms can wield two-handed weapons with a shield.
You have a pair of large antennae on your head. (SInv)


Message History

MovingMist's ghost is severely damaged.
MovingMist's ghost hits you.
MovingMist's ghost hits you but does no damage.
There are monsters nearby!
You are too injured to fight recklessly!
There are monsters nearby!
You are too injured to fight recklessly!
There are monsters nearby!
You are too injured to fight recklessly!
There are monsters nearby!
You are too injured to fight recklessly!
Unknown command.
You hit MovingMist's ghost but do no damage.
MovingMist's ghost is severely damaged.
MovingMist's ghost hits you!
* * * LOW HITPOINT WARNING * * *
You hit MovingMist's ghost but do no damage.
MovingMist's ghost is severely damaged.
MovingMist's ghost hits you.
You die...

.....# #.# ####'####.#
..#### #........# ..$.#
#..).....# ....#
#........# ...#
#........# # ...#
#........# #.#r. #
#........####.#W##.#
#...........#..@...#
#........###.###.######
#....#####
#.#..<....... #....
#.#.############# ##
#.#.............#
#.#.###########.#
#.########## #.#
#.#........# #.#
#.#.######.# #.#


You could see MovingMist's ghost and a rat.

Vanquished Creatures
  A crimson imp (D:3)
  Ijyb (D:2)
  An ooze (D:1)
  A dart slug (D:1)
  2 leopard geckos
  An orc (D:3)
  4 bats
  4 giant cockroaches
  5 hobgoblins (D:1)
  4 jackals (D:1)
  4 kobolds (D:1)
  2 quokkas (D:2)
  A ball python (D:3)
  A frilled lizard (D:3)
  6 goblins
  10 rats
48 creatures vanquished.

Notes
Turn   | Place    | Note
-------+----------+-------------------------------------------
     0 | D:1      | lynn the Formicid Fighter began the quest for the Orb.
     0 | D:1      | Reached XP level 1. HP: 18/18 MP: 1/1
   160 | D:1      | Reached XP level 2. HP: 21/24 MP: 2/2
   419 | D:1      | Reached XP level 3. HP: 27/29 MP: 3/3
   975 | D:2      | Noticed Ijyb
   993 | D:2      | Killed Ijyb
   993 | D:2      | Reached XP level 4. HP: 20/37 MP: 4/4
  1176 | D:2      | Found a shadowy altar of Dithmenos.
  1755 | D:3      | Reached XP level 5. HP: 42/42 MP: 5/5
  2060 | D:3      | Noticed MovingMist's ghost (amateur HEFi)
  2078 | D:3      | Slain by MovingMist's ghost

Skill      XL: |  1  2  3  4 |
---------------+-------------+-----
Shields        | 4 |  4.8
Axes           | 3 |  3.4
Fighting       | 4 |  4.2
Armour         | |  3.2

Action                   |  1- 3 |  4- 6 || total
-------------------------+-------+-------++-------
Melee: War axe           |    92 |    57 ||   149
  Eat: Chunk             |       |     4 ||     4
Armor: Scale mail        |    35 |    21 ||    56
Dodge: Dodged            |    37 |    16 ||    53
Block: Shield            |    52 |    34 ||    86

Vault maps used:
D:1:      dpeg_arrival_renting, serial_forest, infiniplex_forest_clump_long,
          infiniplex_forest_clump_diagonal, infiniplex_forest_zigzag_1,
          infiniplex_forest_clump_tiny, infiniplex_forest_straight_5
D:2:      nicolae_dithmenos_through_a_glass_darkly, serial_curves,
          eino_curves_03, eino_curves_02, eino_curves_04, eino_curves_04,
          uniq_iyjb
